 Dungeon Crawl Stone Soup version 0.19-a0-1686-g35356ef (webtiles) character file.

43576 Hennin the Severer (level 13, -7/118 HPs)
             Began as a Minotaur Fighter on Sept 25, 2016.
             Was the Champion of Okawaru.
             Mangled by a 16-headed hydra (11 damage)
             ... on level 6 of the Lair of Beasts.
             The game lasted 00:53:28 (21282 turns).

Hennin the Severer (Minotaur Fighter)              Turns: 21282, Time: 00:53:28

Health: -7/118     AC: 23    Str: 27    XL:     13   Next: 91%
Magic:  21/21      EV: 14    Int:  5    God:    Okawaru [******]
Gold:   1173       SH: 19    Dex:  9    Spells: 0 memorised, 25 levels left

rFire  . . .     SeeInvis .     T - +4 broad axe (venom)
rCold  . . .     Gourm    .     e - +3 plate armour
rNeg   . . .     Faith    .     Y - +1 shield {reflect}
rPois  +         Spirit   .     E - +1 hat
rElec  .         Dismiss  .     t - +0 cloak
rCorr  .         Reflect  +     (no gloves)
MR     .....     Harm     .     a - +0 pair of boots
Stlth  ..........               c - +5 amulet of reflection
                                s - +3 ring of evasion
                                u - ring of poison resistance

@: no status effects
A: retaliatory headbutt, horns 2, mutation resistance 1
a: Heroism, Finesse, Renounce Religion


You were on level 6 of the Lair of Beasts.
You worshipped Okawaru.
Okawaru was exalted by your worship.
You were not hungry.

You visited 3 branches of the dungeon, and saw 20 of its levels.

You collected 1173 gold pieces.

Inventory:

Hand Weapons
 d - a +0 flail of protection
 H - a +0 whip of flaming
 O - a +2 trident of piercing
 T - a +4 broad axe of venom (weapon)
Armour
 a - a +0 pair of boots (worn)
 e - a +3 plate armour (worn)
 t - a +0 cloak (worn)
 E - a +1 hat (worn)
 Y - a +1 shield of reflection (worn)
Jewellery
 c - a +5 amulet of reflection (around neck)
 r - an uncursed ring of positive energy
 s - a +3 ring of evasion (right hand)
 u - a ring of poison resistance (left hand)
 y - an uncursed ring of ice
 V - an uncursed ring of protection from magic
Wands
 j - a wand of iceblast (0/15)
 o - a wand of teleportation (7/9)
 x - a wand of disintegration (8/24)
 A - a wand of iceblast (8/15)
 K - a wand of lightning (11/15)
 L - a wand of lightning (8/15)
 P - a wand of teleportation (6/9)
 R - a wand of paralysis (9/24)
 S - a wand of polymorph (17/24)
 X - a wand of disintegration (15/24)
Scrolls
 m - 4 scrolls of immolation
 p - 3 scrolls of fog
 J - a scroll of teleportation
 M - 2 scrolls of blinking
 Q - 5 scrolls of remove curse
 W - a scroll of fear
 Z - 2 scrolls of recharging
Potions
 g - a potion of cancellation
 i - 8 potions of curing
 n - 3 potions of lignification
 q - 4 potions of invisibility
 v - 2 potions of might
 z - 3 potions of haste
 B - 2 potions of flight
 C - 2 potions of heal wounds
 D - a potion of ambrosia
 F - a potion of brilliance
 G - 2 potions of agility
 I - a potion of berserk rage
Comestibles
 b - 2 beef jerkies
 f - 11 bread rations
 h - 14 meat rations
 l - 2 slices of pizza


   Skills:
 + Level 12.0 Fighting
 * Level 15.0 Axes
 + Level 11.4 Armour
 + Level 10.2 Dodging
 + Level 11.4 Shields
 + Level 6.5 Spellcasting


You had 25 spell levels left.
You didn't know any spells.

Dungeon Overview and Level Annotations

Branches:
Dungeon (13/15)            Temple (1/1) D:4            Lair (6/6) D:10
 Shoals (0/4) Lair:3        Snake (0/4) Lair:3        Slime (0/5) Lair:6
    Orc (0/2) D:10
 Vaults: D:13-14

Altars:
Ashenzari
Cheibriados
Dithmenos
Elyvilon
Fedhas
Gozag
Hepliaklqana
Kikubaaqudgha
Makhleb
Nemelex Xobeh
Okawaru
Qazlal
Ru
Sif Muna
Trog
Uskayaw
Vehumet
Xom
Yredelemnul
Zin
The Shining One

Shops:
D:10 *   D:12 =

Annotations:
Lair:2 exclusion: oklob plant


Innate Abilities, Weirdness & Mutations

You reflexively headbutt those who attack you in melee.
You have a pair of horns on your head.
You are somewhat resistant to further mutation.


Message History

The 15-headed hydra bites you but does no damage. x4
You block the 15-headed hydra's attack.
The 15-headed hydra barely misses you. x2
The 15-headed hydra bites you but does no damage.
You block the 15-headed hydra's attack.
The 15-headed hydra bites you but does no damage.
You chop one of the 15-headed hydra's heads off!
The 14-headed hydra grows two more!
You slash the 16-headed hydra! You headbutt the 16-headed hydra.
The 16-headed hydra is severely wounded.
You block the 16-headed hydra's attack. x2; The 16-headed hydra bites you!
* * * LOW HITPOINT WARNING * * *
The 16-headed hydra closely misses you. The 16-headed hydra misses you.
The 16-headed hydra bites you!
* * * LOW HITPOINT WARNING * * *
The 16-headed hydra bites you!
* * * LOW HITPOINT WARNING * * *
The 16-headed hydra bites you but does no damage.
You block the 16-headed hydra's attack. The 16-headed hydra closely misses you.
The 16-headed hydra bites you!
You die...

.......≈≈≈≈≈P≈ ......P#≈≈≈##≈≈
≈≈≈#≈≈# ...†...##≈P#≈≈≈##≈≈#≈≈≈≈
.......≈≈P.....≈...≈.≈..
..........................
.................................
.................................
...............DH................
................@................
.................................
...<.............................
.................................
.................................
.P.#####.PP....!#.###.........#..
##P# ########### ####.#####.##
### ####


You could see a 16-headed hydra and a harpy.

Vanquished Creatures
  A ghost moth (D:11)
  Snorg (D:12)
  Fannar (Lair:2)
  Harold (Lair:2)
  5 hydras
  A catoblepas (Lair:6)
  7 death yaks
  An unseen horror (D:10)
  Pikel (D:6)
  2 hill giants (D:10)
  A manticore (D:11)
  2 centaur zombies (D:10)
  3 black mambas
  2 torpor snails
  2 gargoyles (D:10)
  6 spiny frogs
  6 rime drakes
  6 komodo dragons
  A merfolk (D:9)
  3 trolls
  Grinder (D:5)
  11 blink frogs
  A two-headed ogre (D:10)
  10 dream sheep (Lair:6)
  A snapping turtle (Lair:3)
  6 hippogriffs
  The ghost of Cirk the Poker, an amateur TeGl (D:4)
  A wraith (D:11)
  28 yaks
  3 wyverns (Lair:6)
  Eustachio (D:5)
  3 hungry ghosts
  A steam dragon (D:10)
  Edmund (D:4)
  A naga (Lair:3)
  13 water moccasins
  6 porcupines
  2 sky beasts
  2 slaves (D:6)
  2 orc warriors (D:6)
  An ice beast (D:5)
  4 ogres
  A phantom (D:8)
  3 wasps
  A necrophage (D:9)
  4 centaurs
  11 crocodiles
  2 big kobolds
  Blork the orc (D:4)
  2 gnoll sergeants
  20 bullfrogs
  A water moccasin zombie (D:9)
  A wyvern skeleton (D:9)
  2 scorpions (D:4)
  19 killer bees
  4 electric eels
  2 howler monkeys (D:8)
  6 crimson imps
  2 bullfrog zombies
  7 hounds
  12 orc wizards
  3 orc priests
  10 jellies
  A bullfrog skeleton (D:9)
  2 centaur skeletons
  8 iguanas
  2 hell rats (Lair:2)
  14 worker ants
  3 howler monkey zombies
  A worker ant zombie (D:5)
  Robin (D:4)
  10 gnolls
  A howler monkey skeleton (D:4)
  29 river rats
  7 adders
  2 shadow imps
  3 oozes
  An adder zombie (D:5)
  4 adder skeletons
  2 worms
  2 dart slugs
  8 leopard geckos
  51 orcs
  7 giant cockroaches
  12 hobgoblins
  2 jackals (D:1)
  19 kobolds
  6 quokkas
  2 ball pythons
  6 bats
  3 frilled lizards
  22 goblins
  A quokka zombie (D:7)
  5 rats
  2 bushes
  2 fungi
  12 plants
520 creatures vanquished.

Vanquished Creatures (others)
  A slave (D:6)
  An orc (D:6)
  10 plants
12 creatures vanquished.

Grand Total: 532 creatures vanquished

Notes
Turn   | Place    | Note
-------+----------+-------------------------------------------
     0 | D:1      | Hennin the Minotaur Fighter began the quest for the Orb.
     0 | D:1      | Reached XP level 1. HP: 19/19 MP: 0/0
   188 | D:1      | Reached XP level 2. HP: 27/27 MP: 1/1
   816 | D:2      | Reached skill level 3 in Axes
  1230 | D:2      | Reached XP level 3. HP: 33/33 MP: 2/2
  1371 | D:2      | Found a burning altar of Makhleb.
  1379 | D:2      | Reached skill level 1 in Dodging
  1413 | D:2      | Reached XP level 4. HP: 31/40 MP: 3/3
  1492 | D:2      | Found a glowing silver altar of Zin.
  1935 | D:3      | Reached skill level 1 in Spellcasting
  1935 | D:3      | Reached XP level 5. HP: 18/47 MP: 5/5
  2192 | D:3      | Reached skill level 4 in Axes
  2233 | D:3      | Found a shattered altar of Ashenzari.
  2303 | D:3      | Noticed a centaur
  2310 | D:3      | Killed a centaur
  2527 | D:3      | Reached XP level 6. HP: 53/53 MP: 6/6
  2979 | D:4      | Noticed Blork the orc
  2996 | D:4      | Killed Blork the orc
  3202 | D:4      | Noticed Robin
  3218 | D:4      | Reached skill level 5 in Fighting
  3222 | D:4      | Killed Robin
  3366 | D:4      | Noticed Edmund
  3381 | D:4      | Killed Edmund
  3381 | D:4      | Reached skill level 5 in Axes
  3381 | D:4      | Reached XP level 7. HP: 61/61 MP: 8/8
  3490 | D:4      | Noticed Cirk's ghost (amateur TeGl)
  3499 | D:4      | Killed Cirk's ghost
  3499 | D:4      | Reached skill level 5 in Armour
  3525 | D:4      | Reached skill level 5 in Shields
  3737 | D:4      | Found a staircase to the Ecumenical Temple.
  3749 | Temple   | Entered the Ecumenical Temple
  3792 | Temple   | Became a worshipper of Warmaster Okawaru
  3863 | D:4      | Reached skill level 6 in Axes
  4006 | D:4      | Found a stormy altar of Qazlal.
  4008 | D:4      | Found a shadowy altar of Dithmenos.
  4008 | D:4      | Found a basalt altar of Yredelemnul.
  4010 | D:4      | Found a snail-covered altar of Cheibriados.
  4012 | D:4      | Found a sparkling altar of Nemelex Xobeh.
  4066 | D:5      | Entered Level 5 of the Dungeon
  4083 | D:5      | Reached XP level 8. HP: 56/70 MP: 10/10
  4302 | D:5      | Found a hazy altar of Hepliaklqana.
  4440 | D:5      | Found a burning altar of Makhleb.
  4483 | D:5      | Reached * piety under Okawaru
  4499 | D:5      | Noticed Eustachio
  4523 | D:5      | Noticed Grinder
  4535 | D:5      | Killed Eustachio
  4548 | D:5      | Killed Grinder
  4548 | D:5      | Reached skill level 7 in Axes
  4788 | D:5      | Gained mutation: You are somewhat resistant to further mutation. [potion of beneficial mutation]
  4850 | D:5      | Found a sacrificial altar of Ru.
  5546 | D:6      | Reached XP level 9. HP: 78/78 MP: 12/12
  5581 | D:6      | Noticed Pikel
  5622 | D:6      | Killed Pikel
  5622 | D:6      | Reached ** piety under Okawaru
  5622 | D:6      | Reached skill level 8 in Axes
  5622 | D:6      | Reached skill level 5 in Dodging
  6330 | D:7      | Found a shimmering altar of Xom.
  6983 | D:8      | Reached skill level 9 in Axes
  7320 | D:8      | Reached *** piety under Okawaru
  7723 | D:8      | Reached XP level 10. HP: 76/88 MP: 14/14
  8591 | D:9      | Reached **** piety under Okawaru
  8660 | D:9      | Reached skill level 10 in Axes
  8793 | D:9      | Identified a scroll of acquirement
  9777 | D:10     | Entered Level 10 of the Dungeon
  9779 | D:10     | Found a staircase to the Lair.
  9794 | D:10     | You fall through a shaft for 3 floors!
  9899 | D:11     | Noticed a manticore
  9907 | D:11     | Killed a manticore
 10165 | D:11     | Got a smoking leather armour
 10372 | D:11     | Reached ***** piety under Okawaru
 10561 | D:11     | Noticed a six-headed hydra
 10623 | D:10     | Reached XP level 11. HP: 90/97 MP: 16/16
 10739 | D:10     | Found a staircase to the Orcish Mines.
 10870 | D:10     | Reached skill level 11 in Axes
 11056 | D:10     | Identified the +2 leather armour of Akagupp {rF+ rCorr Str-5 Int+4} (You found it on level 11 of the Dungeon)
 11086 | D:10     | Found Vuarchido's Demolitions Depot.
 11450 | D:10     | Noticed a hill giant
 11458 | D:10     | Killed a hill giant
 11614 | D:10     | Noticed a hill giant
 11621 | D:10     | Killed a hill giant
 11621 | D:10     | Received a gift from Okawaru
 11732 | D:10     | Killed an unseen horror
 12307 | D:11     | Reached skill level 5 in Spellcasting
 12312 | D:11     | Reached skill level 12 in Axes
 12392 | D:11     | a six-headed hydra changed into something unseen
 12416 | D:11     | Killed a ghost moth
 12416 | D:11     | Reached skill level 10 in Fighting
 13225 | D:12     | Found Pishruoll's Jewellery Boutique.
 13226 | D:12     | Noticed Snorg
 13407 | D:12     | Killed Snorg
 13407 | D:12     | Reached XP level 12. HP: 14/106 MP: 18/18
 14410 | Lair:1   | Entered Level 1 of the Lair of Beasts
 14581 | Lair:1   | Noticed an eight-headed hydra
 14591 | Lair:1   | Killed an eight-headed hydra
 14783 | Lair:1   | Noticed a five-headed hydra
 15014 | Lair:1   | Noticed an eight-headed hydra
 15025 | Lair:1   | Killed an eight-headed hydra
 15033 | Lair:1   | Killed a five-headed hydra
 15688 | Lair:2   | Reached ****** piety under Okawaru
 16063 | Lair:2   | Reached skill level 13 in Axes
 16287 | Lair:2   | Noticed Harold
 16300 | Lair:2   | Killed Harold
 16300 | Lair:2   | Reached skill level 10 in Armour
 16300 | Lair:2   | Reached skill level 10 in Shields
 16451 | Lair:2   | Received a gift from Okawaru
 16646 | Lair:2   | Noticed Fannar
 16656 | Lair:2   | Killed Fannar
 16926 | Lair:3   | Noticed a death yak
 16942 | Lair:3   | Killed a death yak
 17239 | Lair:3   | Found a staircase to the Snake Pit.
 17642 | Lair:3   | Found a staircase to the Shoals.
 18101 | Lair:4   | Reached XP level 13. HP: 116/116 MP: 20/20
 19007 | Lair:5   | Reached skill level 14 in Axes
 19314 | Lair:5   | Found a white marble altar of Elyvilon.
 19446 | Lair:5   | Received a gift from Okawaru
 20291 | Lair:6   | Entered Level 6 of the Lair of Beasts
 20526 | Lair:6   | Found a staircase to the Slime Pits.
 20609 | Lair:6   | Received a gift from Okawaru
 20609 | Lair:6   | Reached skill level 10 in Dodging
 21248 | Lair:6   | Reached skill level 15 in Axes
 21282 | Lair:6   | HP: 4/118 [16-headed hydra (10)]
 21282 | Lair:6   | Mangled by a 16-headed hydra

Vault maps used:
D:1:      dpeg_arrival_water_temple_mockup, kennysheep_minor_cross,
          nrook_loot_triangle, st_stairs_4
D:2:      makhleb_blood_cavern_becter, zin_treasury, minmay_curled_crystal
D:3:      nicolae_ashenzari_panopticon, first_bread, hex_intersection,
          minmay_tree_intersection, st_stairs_9, minmay_vboxes
D:4:      kennysheep_big_flooded_room, minitemple, uniq_blork_the_orc,
          uniq_edmund, uniq_robin
D:5:      marbit_many_paths, lemuel_doored_altar, basic_altar, minivault_5,
          uniq_eustachio, uniq_grinder
D:6:      hangedman_decor_slide_cut, minmay_misc_feat_iff, uniq_pikel
D:7:      kennysheep_mini_moat
D:9:      hangedman_fish_farm
D:10:     dpeg_oklobed_lair, orc_0_dummy, nicolae_blasting_shop
D:12:     serial_shops, shop, uniq_snorg
D:13:     serial_shops, shop, shop, shop, shop, uniq_nessos
Temple:   compressed_dpeg_circular_temple
Lair:1:   enter_volcano_2, serial_bayou_pond_c
Lair:2:   kennysheep_rathole, minmay_lair_oklob_bushes, uniq_harold, uniq_fannar
Lair:3:   minmay_shoals_entry_hut, guppyfry_snake_entry_garden, pond
Lair:4:   minmay_lair_drake_nest
Lair:5:   basic_altar, serial_bayou_lake_a
Lair:6:   gammafunk_lair_ancient_temple, nicolae_slime_entry_slimehenge

Skill      XL: |  1  2  3  4  5  6  7  8  9 10 11 12 13 |
---------------+----------------------------------------+-----
Fighting       | 4 5 6 7 9 10 11 12 | 12.0
Axes           | 3 4 5 6 7 9 10 12 13 15 | 15.0
Dodging        | 1 2 3 4 6 7 8 9 10 | 10.2
Armour         | 4 5 6 7 8 9 10 11 | 11.4
Shields        | 4 5 6 7 8 9 10 11 | 11.4
Spellcasting   | 1 2 3 4 5 6 |  6.5

Action                   |  1- 3 |  4- 6 |  7- 9 | 10-12 | 13-15 || total
-------------------------+-------+-------+-------+-------+-------++-------
Melee: War axe           |    59 |   173 |   362 |   121 |       ||   715
       Headbutt          |     5 |    29 |    65 |   124 |    60 ||   283
       Broad axe         |       |       |       |   615 |   241 ||   856
       Trident           |       |       |       |    36 |    20 ||    56
Invok: Heroism           |       |       |       |     1 |     2 ||     3
Evoke: Wand              |       |       |     4 |     7 |       ||    11
  Use: Scroll            |     1 |    10 |    13 |    18 |     2 ||    44
       Potion            |       |     3 |     3 |     8 |     2 ||    16
  Eat: Chunk             |     2 |     6 |     8 |    33 |     5 ||    54
       Fruit             |       |       |     8 |     8 |     6 ||    22
       Beef jerky        |       |       |       |     3 |       ||     3
       Royal jelly       |       |       |       |       |     1 ||     1
Armor: Scale mail        |    11 |       |       |       |       ||    11
       Chain mail        |    28 |    85 |   138 |   145 |       ||   396
       Plate armour      |       |       |       |    96 |   145 ||   241
Dodge: Dodged            |    15 |    82 |   147 |   214 |   117 ||   575
Block: Shield            |    28 |   101 |   302 |   554 |   243 ||  1228
       Reflection        |       |       |    10 |     6 |       ||    16
